 Dungeon Crawl Stone Soup version 0.30-b1-2-g02819fbbbe (webtiles) character file.

Game seed: 1718762393303029529

5036 Tuss the Cleaver (level 10, -11/77 HPs)
             Began as a Human Fighter on Jan 6, 2024.
             Was an Initiate of Gozag.
             Mangled by a shadow (20 damage)
             ... on level 10 of the Dungeon.
             The game lasted 01:06:10 (10686 turns).

Tuss the Cleaver (Human Fighter)                   Turns: 10686, Time: 01:06:10

Health: -11/77     AC: 20    Str: 28    XL:     10   Next: 85%
Magic:  10/10      EV: 12    Int:  8    God:    Gozag
Gold:   703        SH:  5    Dex: 12    Spells: 8/9 levels left

rFire   . . .        a - +2 war axe
rCold   . . .        c - +0 buckler
rNeg    . . .        b - +0 scale mail
rPois   .            s - +1 helmet
rElec   +            (no cloak)
rCorr   .            F - +5 pair of gloves of Beogh's Condemnation {rElec}
SInv    .            (no boots)
Will    .....        (no amulet)
Stlth   +            A - +6 ring of strength
HPRegen 0.32/turn    n - +4 ring of protection
MPRegen 0.12/turn

%: no passive effects
@: gold aura
A: no striking features
a: Renounce Religion, Potion Petition, Call Merchant, Bribe Branch


You were on level 10 of the Dungeon.
You worshipped Gozag.
Gozag was pleased with you.
You visited 2 branches of the dungeon, and saw 11 of its levels.

You collected 899 gold pieces.
You spent 54 gold pieces at shops.
You paid 142 gold pieces to Gozag.

Inventory:

Hand Weapons
 a - a +2 war axe (weapon)
Missiles
 e - 17 poisoned darts (quivered)
 l - 11 boomerangs
 w - a throwing net
Armour
 b - a +0 scale mail (worn)
 c - a +0 buckler (worn)
 s - a +1 helmet (worn)
 F - the +5 pair of gloves of Beogh's Condemnation (worn) {rElec}
   (You found it on level 8 of the Dungeon)

   rElec:     It insulates you from electricity.
Jewellery
 m - a +5 ring of evasion
 n - a +4 ring of protection (right hand)
 A - a +6 ring of strength (left hand)
 E - a ring of see invisible
Wands
 I - a wand of mindburst (5)
 J - a wand of polymorph (3)
Scrolls
 j - 5 scrolls of enchant armour
 k - a scroll of fog
 o - a scroll of amnesia
 p - 3 scrolls of vulnerability
 x - 2 scrolls of blinking
 y - a scroll of fear
 B - 2 scrolls of poison
 D - a scroll of noise
 H - 2 scrolls of identify
Potions
 d - 3 potions of might
 f - a potion of heal wounds
 g - 2 potions of lignification {unknown}
 h - 2 potions of resistance {unknown}
 i - a potion of magic {unknown}
 r - a potion of brilliance {unknown}
 t - 3 potions of invisibility {unknown}
 u - 4 potions of curing {unknown}
 v - a potion of flight {unknown}
 C - 4 potions of attraction {unknown}
 G - a potion of cancellation {unknown}
Miscellaneous
 z - a piece from Xom's chessboard (15/15)


   Skills:
 + Level 6.4 Fighting
 + Level 10.2 Axes
 + Level 1.8 Throwing
 + Level 7.3 Armour
 + Level 4.9 Dodging
 + Level 2.5 Stealth
 + Level 5.2 Shields


You had 8 spell levels left.
You knew the following spells:

 Your Spells              Type           Power      Damage    Failure   Level
a - Sandblast             Erth           0%         2d4       71%         1

Your spell library contained the following spells:

 Spells                   Type           Power      Damage    Failure   Level
 Passwall                 Tmut/Erth      0%         N/A       83%         2
 Call Canine Familiar     Summ           0%         N/A       97%         3
 Inner Flame              Hex/Fire       0%         N/A       97%         3
 Portal Projectile        Hex/Tloc       0%         N/A       97%         3
 Stone Arrow              Conj/Erth      0%         3d7       97%         3
 Flame Wave               Conj/Fire      0%         2d4       100%        4
 Leda's Liquefaction      Hex/Erth       0%         N/A       100%        4
 Sticky Flame             Conj/Fire      0%         2d3       100%        4
 Haunt                    Necr/Summ      0%         N/A       100%        7
 Infestation              Necr           0%         N/A       100%        8
 Animate Dead             Necr           Unusable   N/A       N/A         4

Dungeon Overview and Level Annotations

Branches:
Dungeon (10/15)            Temple (1/1) D:7            Lair (0/5) D:9
    Orc: D:9-12

Altars:
Ashenzari
Cheibriados
Dithmenos
Elyvilon
Fedhas
Gozag
Hepliaklqana
Kikubaaqudgha
Makhleb
Nemelex Xobeh
Okawaru
Qazlal
Ru
Sif Muna
Trog
Uskayaw
Vehumet
Wu Jian
Yredelemnul
Zin
The Shining One

Shops:
D:8 *


Message History

* * * LOW HITPOINT WARNING * * *
Reactivating autopickup.
The yak attacks as you move away! The yak barely misses you.
The shadow hits you.
* * * LOW HITPOINT WARNING * * *
Found a ring mail.
The yak attacks as you move away! The yak gores you.
* * * LOW HITPOINT WARNING * * *
The yak attacks as you move away! The yak gores you but does no damage.
The yak attacks as you move away! The yak gores you but does no damage.
The yak attacks as you move away! The yak barely misses you.
The yak attacks as you move away! The yak gores you but does no damage.
You hit the yak.
The yak is moderately wounded.
You slash the yak! The yak gores you!
* * * LOW HITPOINT WARNING * * *
The yak barely misses you.
You slice the yak!!
The yak is almost dead.
You hit the yak. You slash the yak! You block the yak's attack.
The yak closely misses you.
You hit the yak.
The yak is lightly wounded.
You hit the yak.
You kill the yak!
You hit the yak but do no damage. You slash the yak! The yak gores you.
* * * LOW HITPOINT WARNING * * *
The yak gores you.
* * * LOW HITPOINT WARNING * * *
As you read the scroll of fog, it crumbles to dust.
The scroll dissolves into smoke.
The yak barely misses you.
The yak gores you but does no damage. x3
The shadow slips into darkness.
The shadow flickers and vanishes!
Deactivating autopickup; reactivate with Ctrl-A.
The yak attacks as you move away! The yak closely misses you.
The yak attacks as you move away! The yak gores you but does no damage.
The shadow strikes at you from the darkness!
You die...
Your body crumbles into a pile of gold.

..###..##.~~~.#
..............#
..........~~.#
............# #..#
#...~# .
##.###+###..###.§.§##...
...#...........Y§§......
...#...........Y@§§....#
...#...........YY{§....#
...#............§§§.....
..###...##..#########...
.Y###...##..# ..
.YY...<.#..... #
.{#.....#......
..#.....#....#.
'####...#


You could see 4 yaks.

Vanquished Creatures
  Pikel (D:5)
  An unseen horror (D:10)
  A troll (D:9)
  Grinder (D:5)
  Sigmund (D:2)
  7 yaks
  A wyvern (D:7)
  Edmund (D:4)
  A water moccasin (D:6)
  An orc warrior (D:9)
  2 ice beasts
  A black bear (D:5)
  An ogre (D:6)
  2 lemures (D:4)
  A kobold brigand (D:8)
  3 bullfrogs (D:6)
  5 scorpions
  A gnoll sergeant (D:8)
  3 jellies
  3 wights
  4 killer bees (D:9)
  3 howler monkeys (D:9)
  4 hounds
  3 gnoll boudas
  2 orc priests
  Natasha (thrice) (D:2)
  3 iguanas (D:7)
  4 orc wizards
  14 gnolls
  8 adders
  2 white imps
  2 worms
  3 dart slugs
  22 orcs
  4 ball pythons
  8 bats
  5 endoplasms
  4 giant cockroaches
  5 hobgoblins
  12 jackals
  2 quokkas
  3 frilled lizards
  6 goblins
  7 kobolds
  3 rats
174 creatures vanquished.

Notes
Turn   | Place    | Note
-------+----------+-------------------------------------------
     0 | D:1      | Tuss the Human Fighter began the quest for the Orb.
     0 | D:1      | Reached XP level 1. HP: 18/18 MP: 1/1
   258 | D:1      | Reached XP level 2. HP: 20/24 MP: 2/2
   586 | D:1      | Reached XP level 3. HP: 26/29 MP: 3/3
  1070 | D:2      | Noticed Natasha
  1079 | D:2      | Killed Natasha
  1080 | D:2      | Reached XP level 4. HP: 20/35 MP: 4/4
  1301 | D:2      | Reached skill level 3 in Axes
  1325 | D:2      | Found a shadowy altar of Dithmenos.
  1639 | D:2      | Noticed Natasha
  1644 | D:2      | Killed Natasha
  1645 | D:2      | Reached XP level 5. HP: 24/42 MP: 5/5
  1673 | D:2      | Noticed Sigmund
  1680 | D:2      | Killed Sigmund
  1681 | D:2      | Reached skill level 4 in Axes
  1681 | D:2      | Reached skill level 1 in Dodging
  1681 | D:2      | Reached XP level 6. HP: 33/48 MP: 6/6
  1705 | D:2      | Noticed Natasha
  1714 | D:2      | Killed Natasha
  2113 | D:4      | Noticed Edmund
  2127 | D:3      | Found a radiant altar of Vehumet.
  2208 | D:3      | Found an ancient bone altar of Kikubaaqudgha.
  2215 | D:3      | Found a hide-covered altar of Uskayaw.
  2236 | D:3      | Found a burning altar of Makhleb.
  3321 | D:4      | Reached XP level 7. HP: 26/54 MP: 7/7
  3446 | D:5      | Entered Level 5 of the Dungeon
  3790 | D:4      | Killed Edmund
  3791 | D:4      | Reached skill level 5 in Axes
  4221 | D:5      | Noticed Pikel
  4427 | D:5      | Found a glowing silver altar of Zin.
  4427 | D:5      | Noticed an angel
  4489 | D:5      | Reached skill level 1 in Throwing
  4489 | D:5      | Reached XP level 8. HP: 51/60 MP: 8/8
  4496 | D:5      | Reached skill level 6 in Axes
  4589 | D:5      | Noticed Grinder
  4997 | D:5      | Killed Pikel
  4998 | D:5      | Reached skill level 7 in Axes
  4998 | D:5      | Reached skill level 5 in Armour
  5379 | D:5      | Paralysed by Grinder for 5 turns
  5386 | D:5      | Paralysed by Grinder for 5 turns
  5404 | D:5      | Killed Grinder
  5405 | D:5      | Reached skill level 5 in Fighting
  5405 | D:5      | Reached XP level 9. HP: 32/68 MP: 9/9
  5436 | D:5      | Found a white marble altar of Elyvilon.
  6461 | D:6      | Reached skill level 8 in Axes
  7464 | D:7      | Found the +10 tower shield of Ignorance {rN+ Int-4}
  7743 | D:7      | Reached skill level 1 in Stealth
  7838 | D:7      | Found a shimmering blue altar of Sif Muna.
  8000 | D:7      | Found a stormy altar of Qazlal.
  8121 | D:7      | Found a staircase to the Ecumenical Temple.
  8135 | Temple   | Entered the Ecumenical Temple
  8262 | Temple   | Became a worshipper of Gozag Ym Sagoz the Greedy
  8556 | D:8      | Reached XP level 10. HP: 52/76 MP: 10/10
  8638 | D:8      | Found Ussemu's Assorted Antiques.
  8663 | D:8      | Reached skill level 5 in Shields
  8754 | D:8      | Bought a scroll of identify for 54 gold pieces
  8901 | D:8      | Learned a level 1 spell: Sandblast
  9226 | D:8      | Identified the +5 pair of gloves of Beogh's Condemnation
                  | {rElec}
  9364 | D:9      | Reached skill level 9 in Axes
  9661 | D:10     | Entered Level 10 of the Dungeon
 10218 | D:9      | Found a staircase to the Lair.
 10464 | D:9      | Reached skill level 10 in Axes
 10625 | D:10     | Killed an unseen horror
 10686 | D:10     | Mangled by a shadow

Illustrated notes

Levels and vault maps discovered:
D:1:      lightli_arrival_quake, layout_loops_ring
D:2:      layout_loops_ring, basic_altar, uniq_sigmund, uniq_natasha
D:3:      layout_loops_ring, nicolae_vehumet_altar_sigil,
          minmay_overflow_temple_star_quad
D:4:      layout_gridville, uniq_edmund
D:5:      layout_basic, mainiacjoe_overflow_tiny_flanked, zin_angel,
          st_stairs_9, uniq_grinder, uniq_pikel
D:6:      layout_loops_corners, serial_glass, glass_columns_a, glass_columns_b
D:7:      layout_cave_pools, minmay_temple_entry_antechambers,
          hellmonk_bongcloud_opening, hangedman_feature_mirror
D:8:      layout_rooms, serial_shops, nicolae_shop_tiny_waterfront
D:9:      layout_irregular_city, lair_entry_dummy
D:10:     layout_gridville, mainiacjoe_overflow_24_doors, serial_rivers,
          chequers_serial_rivers_micro_c, chequers_serial_rivers_micro_c,
          chequers_serial_rivers_micro_e, chequers_serial_rivers_micro_a,
          chequers_serial_rivers_micro_d, chequers_serial_rivers_large_b
Temple:   regret_index_temple_generic_petals

Skill      XL: |  1  2  3  4  5  6  7  8  9 10 |
---------------+-------------------------------+-----
Axes           | 3 4 5 7 8 10 | 10.2
Dodging        | 1 2 3 4 |  4.9
Armour         | 4 5 6 7 |  7.3
Fighting       | 4 5 6 |  6.4
Throwing       | 1 |  1.8
Shields        | 4 5 |  5.2
Stealth        | 1 2 |  2.5

Action                     |  1- 3 |  4- 6 |  7- 9 | 10-12 || total
---------------------------+-------+-------+-------+-------++-------
  Melee: War axe           |    53 |   166 |   283 |   216 ||   718
  Throw: Dart              |       |       |    17 |     3 ||    20
         Boomerang         |       |       |     3 |       ||     3
         Throwing net      |       |       |     1 |       ||     1
    Use: Scroll            |       |     3 |     7 |     9 ||    19
         Potion            |       |       |       |     2 ||     2
   Stab: Distracted        |       |       |       |     4 ||     4
 Armour: Scale mail        |    29 |    90 |   143 |   171 ||   433
  Dodge: Dodged            |    29 |   160 |   227 |   128 ||   544
  Block: Buckler           |    11 |    39 |    73 |    49 ||   172
